 Dungeon Crawl Stone Soup version 0.22-a0-252-gcace5d2 (webtiles) character file.

100 Amnesiac the Ducker (level 4, -3/24 HPs)
             Began as a Spriggan Fighter on Mar 2, 2018.
             Slain by Nr616's ghost (9 damage)
             ... on level 3 of the Dungeon.
             The game lasted 00:04:15 (2124 turns).

Amnesiac the Ducker (Spriggan Fighter)              Turns: 2124, Time: 00:04:15

Health: -3/24      AC:  2    Str: 16 (18) XL:     4   Next: 46%
Magic:  5/5        EV: 19    Int:  7 (9)  God:
Gold:   57         SH:  6    Dex: 14 (15) Spells: 3/3 levels left

rFire    + . .     SeeInvis +   b - +0 long sword
rCold    x . .     Gourm    .   c - +0 buckler
rNeg     . . .     Faith    .   l - +0 robe
rPois    .         Spirit   .   (helmet restricted)
rElec    .         Reflect  .   (no cloak)
rCorr    .         Harm     .   (gloves unavailable)
MR       .....                  (boots unavailable)
Stlth    +.........             (no amulet)
HPRegen  0.08/turn              o - ring of fire
MPRegen  0.09/turn              (no ring)

@: mighty, hasted, very quick
A: very small, unfitting armour, see invisible, herbivore, speed 3, slow
metabolism 2
a: no special abilities


You were on level 3 of the Dungeon.
You were not hungry.

You visited 1 branch of the dungeon, and saw 3 of its levels.

You collected 57 gold pieces.

Inventory:

Hand Weapons
 a - a +0 hunting sling
 b - a +0 long sword (weapon)
Missiles
 h - 31 stones (quivered)
Armour
 c - a +0 buckler (worn)
 l - a +0 robe (worn)
Jewellery
 o - a ring of fire (left hand)
Scrolls
 g - a scroll of remove curse {!r}
Potions
 d - a potion of might {!q}
 k - a potion of haste {!q}
 n - a potion of brilliance {!q}
Comestibles
 f - 2 rations


   Skills:
 - Level 3.0 Fighting
 - Level 2.0 Long Blades
 + Level 0.0 Slings
 - Level 5.1 Dodging
 - Level 3.1 Shields


You had 3 spell levels left.
You didn't know any spells.

Dungeon Overview and Level Annotations

Branches:
Dungeon (3/15)

Altars:
Cheibriados

Annotations:
D:3 Nr616's ghost, amateur HOBe


Innate Abilities, Weirdness & Mutations

You are very small and have problems with some larger weapons.
You are too small for most types of armour.
You have supernaturally acute eyesight. (SInv)
You are a herbivore.
You cover ground extremely quickly.
You need consume almost no food.


Message History

Adjust which item? (? for menu, Esc to quit)
a - a +0 long sword (weapon)
Adjust to which letter? (? for menu, Esc to quit)
b - a +0 long sword (weapon);
a - a +0 robe (worn)
Adjust (i)tems, (s)pells, or (a)bilities?
Adjust which item? (? for menu, Esc to quit)
l - a hunting sling Adjust to which letter? (? for menu, Esc to quit)
a - a hunting sling;
l - a +0 robe (worn)
a - a +0 hunting sling (weapon)
b - a +0 long sword (weapon)
a - a +0 hunting sling (weapon)
b - a +0 long sword (weapon)
Really read
p - a scroll labeled TARINW YSTEEWN {!r}?
As you read the scroll labeled TARINW YSTEEWN {!r}, it crumbles to dust.
The air around you briefly surges with heat, but it dissipates.
It was a scroll of immolation {!r}.
Really read
q - a scroll labeled DUJAFO ZUERGHI {!r}?
Blink to where?
Press: ? - help, Dir - move target cursor, f - you Are you sure you want to cancel this blink?
Okay, then.
As you read the scroll labeled DUJAFO ZUERGHI {!r}, it crumbles to dust.
It was a scroll of blinking {!r}.
Really quaff
d - 2 potions of might {!q}?
You feel very mighty all of a sudden.
Really quaff
e - a potion of curing {!q}?
You feel better.
You climb downwards.
Level annotation: Nr616's ghost, amateur HOBe Nr616's ghost hits you!
* * * LOW HITPOINT WARNING * * *
There is a stone staircase leading up, spattered with blood here.
Okay, then.
You hit Nr616's ghost but do no damage. Nr616's ghost hits you.
* * * LOW HITPOINT WARNING * * *
Really quaff
m - a potion of heal wounds {!q}?
You feel much better.
You hit Nr616's ghost.
Nr616's ghost is lightly damaged.
Nr616's ghost closely misses you.
You slash Nr616's ghost!
Nr616's ghost is moderately damaged.
Nr616's ghost hits you!
You hit Nr616's ghost.
Nr616's ghost is moderately damaged.
You barely miss Nr616's ghost.
Nr616's ghost is moderately damaged.
Nr616's ghost closely misses you.
You riposte.
You barely miss Nr616's ghost.
Nr616's ghost is moderately damaged.
You hit Nr616's ghost but do no damage.
Nr616's ghost is moderately damaged.
Nr616's ghost hits you!
* * * LOW HITPOINT WARNING * * *
Found a ration.
You barely miss Nr616's ghost.
Nr616's ghost is moderately damaged.
You barely miss Nr616's ghost.
Nr616's ghost is moderately damaged.
Found a stone staircase leading up.
You barely miss Nr616's ghost.
Nr616's ghost is moderately damaged.
Nr616's ghost hits you!
You die...

#..())(# ###########.####.#
#...........####.#
................># #
######..<#..####.# #.
#...........####.. # <.
#S#######......#.#
#...#'#W#..........#.#.#
#......@#.#####.##...#.#
#.#.....#.#####.##.#.#.#
#...%...#.......##.###.#
####....##########.# #.#
#.####...............# #.#
.###........#####....######.#
.$..........#####....'......#
....................#.######
....................#.#.....


You could see Nr616's ghost and an adder.

Vanquished Creatures
  An adder (D:2)
  An ooze (D:2)
  4 worms (D:2)
  3 leopard geckos
  4 orcs (D:3)
  6 bats
  6 giant cockroaches
  2 goblins
  8 hobgoblins
  7 jackals (D:1)
  A quokka (D:3)
  2 ball pythons (D:1)
  5 frilled lizards
  8 kobolds
  3 rats (D:1)
61 creatures vanquished.

Notes
Turn   | Place    | Note
-------+----------+-------------------------------------------
     0 | D:1      | Amnesiac the Spriggan Fighter began the quest for the Orb.
     0 | D:1      | Reached XP level 1. HP: 11/11 MP: 2/2
    76 | D:1      | Reached XP level 2. HP: 11/16 MP: 3/3
   170 | D:1      | Reached skill level 5 in Dodging
   497 | D:1      | Reached XP level 3. HP: 19/19 MP: 4/4
  1101 | D:2      | Reached XP level 4. HP: 24/24 MP: 5/5
  1984 | D:3      | Found a snail-covered altar of Cheibriados.
  2048 | D:3      | Noticed Nr616's ghost (amateur HOBe)
  2124 | D:3      | Slain by Nr616's ghost

Vault maps used:
D:1:      dpeg_arrival_court
D:3:      marbit_many_paths, nicolae_overflow_hidden_temple, feat_on_display

Skill      XL: |  1  2  3  4 |
---------------+-------------+-----
Long Blades    | 2 |  2.0
Dodging        | 5 |  5.1
Fighting       | 3 |  3.0
Shields        | 3 |  3.1

Action                   |  1- 3 |  4- 6 || total
-------------------------+-------+-------++-------
Melee: Long sword        |   125 |    74 ||   199
  Use: Potion            |       |     6 ||     6
       Scroll            |       |     5 ||     5
 Stab: Distracted        |     1 |       ||     1
       Sleeping          |     1 |       ||     1
Armor: Robe              |    18 |     1 ||    19
Dodge: Dodged            |   133 |    45 ||   178
Block: Buckler           |    45 |    12 ||    57
       Rpst.: Long sword |    50 |    22 ||    72

Table legend:
 A = Spawn XP
 B = Non-spawn XP
 C = Spawn XP percentage of total XP
 D = Spawn monster count
 E = Non-spawn monster count
 F = Spawn count percentage of total count
 G = Total turns spent on level
                    A         B        C        D         E        F      G
               +---------+---------+-------+---------+---------+-------+---------
         Total |       0 |     143 |   0.0 |       0 |      61 |   0.0 |  2124
               +---------+---------+-------+---------+---------+-------+---------
           D:1 |       0 |      58 |   0.0 |       0 |      32 |   0.0 |   853
           D:2 |       0 |      69 |   0.0 |       0 |      22 |   0.0 |   780
           D:3 |       0 |      16 |   0.0 |       0 |       7 |   0.0 |   491
               +---------+---------+-------+---------+---------+-------+---------
